AoeStats
← ✪Lucho Jaraツ

Arabia

506570270Analyzed
2v2 RM · 18d ago on Sep 14, 2026· 42m 36s· 4 players
Game mode
Random Map
Map size
Medium (4 player)
Population
200
Speed
Normal
Resources
Standard
Victory
Conquest
Starting age
Dark Age
Ending age
Imperial Age
RankedLock teamsTeams togetherTeam positionsShared explorationLock speedFull tech treeHidden civsTurbo modeCheats
Victory
Defeat
🇦🇷 Maya · Argentina
1149
+16
🇦🇷 Teutons · Argentina
1113
+18
🇨🇱 Celts · Chile
1190
-19
🇨🇱 Byzantines · Chile
1114
-15
chesco torres
7:15 Loom
9:50 Feudal Age
12:14 Double-Bit Axe
23:32 Castle Age
22:40 Bloodlines
22:43 Forging
23:06 Scale Barding Armor
23:02 Horse Collar
24:34 Chain Barding Armor
24:54 Bow Saw
26:22 Iron Casting
26:30 Gold Mining
34:19 Wheelbarrow
35:18 Hand Cart
38:07 Imperial Age
37:13 Stone Mining
40:02 Plate Barding Armor
41:17 Blast Furnace
42:06 Cavalier
misspa
0:26 Loom
10:02 Feudal Age
11:14 Double-Bit Axe
15:42 Fletching
22:05 Castle Age
20:27 Padded Archer Armor
20:36 Gold Mining
20:28 Horse Collar
22:07 Crossbowman
22:53 Thumb Ring
23:01 Thumb Ring
22:54 Bodkin Arrow
23:50 Bow Saw
25:16 Leather Archer Armor
30:04 Stone Mining
31:32 Wheelbarrow
32:27 Ballistics
36:58 Imperial Age
37:06 Arbalester
38:40 Bracer
39:56 Capped Ram
42:15 Chemistry
h33posk
7:40 Loom
9:45 Feudal Age
10:20 Double-Bit Axe
16:43 Horse Collar
19:36 Castle Age
18:36 Horse Collar
19:06 Gold Mining
20:39 Bow Saw
21:08 Gold Shaft Mining
21:11 Scale Barding Armor
22:13 Husbandry
33:54 Imperial Age
32:40 Fletching
34:03 Wheelbarrow
40:27 Sanctity
40:29 Block Printing
40:49 Illumination
42:08 Pikeman
✪Lucho Jaraツ
7:02 Loom
10:20 Feudal Age
13:09 Double-Bit Axe
19:39 Castle Age
18:06 Gold Mining
20:52 Horse Collar
36:53 Wheelbarrow
41:57 Hand Cart
Connection lost

Rejoining the realm…

Still unreachable

The connection could not be restored.

Session expired

The server has moved on; the page needs a fresh start.